Map: Romanticide LE

Players

Throwfordays

  • Race: Terran Terran
  • League: Silver

CiroDiMarzio - Winner!

  • Race: Terran Terran

VOD

Have the link to the VOD?

Description

Time

  • Played on: Aug. 27, 2021, 12:09 a.m.
  • Length: 5:23
Show
View Real Time Build Order
Export as new Build Order

Throwfordays Terran 

Build Orders:  

Get SALT Encoding   

  12  0:00  SCV  
  13  0:12  SCV  
  14  0:18  Supply Depot  
  14  0:25  SCV  
  15  0:40  SCV  
  15  0:41  Barracks  
  16  0:46  Refinery  
  16  0:54  Supply Depot  
  16  0:57  SCV  
  17  1:05  Refinery  
  17  1:09  SCV  
  18  1:17  Supply Depot  
  18  1:27  SCV  
  19  1:34  Barracks  
  19  1:39  Reaper  
  20  1:42  SCV  
  21  1:54  SCV  
  22  2:06  SCV  
  23  2:11  Reaper  
  24  2:18  SCV  
  24  2:22  Barracks  
  25  2:43  Reaper  
  26  2:52  Barracks Reactor  
  26  3:24  Reaper x2  
  27  3:40  Reaper x2  
  28  3:56  Barracks Reactor  
  28  4:04  Barracks Reactor  
  28  4:12  Reaper x2  
  30  4:25  Engineering Bay  
  30  4:34  Reaper x2  
  32  4:41  Reaper x2  
Show
View Real Time Build Order
Export as new Build Order

CiroDiMarzio Terran - Winner!

Build Orders:  

Get SALT Encoding   

  12  0:00  SCV  
  13  0:13  SCV  
  14  0:17  Supply Depot  
  14  0:25  SCV  
  15  0:39  SCV, Barracks  
  16  0:51  SCV  
  16  0:52  Refinery  
  17  1:03  SCV  
  18  1:15  SCV  
  19  1:27  Orbital Command  
  19  1:28  Supply Depot  
  19  1:31  Marine  
  20  1:49  Barracks Tech Lab  
  20  1:56  SCV  
  20  2:01  Refinery  
  21  2:08  SCV  
  21  2:14  Factory  
  22  2:20  SCV, Command Center  
  23  2:27  Marine  
  24  2:34  SCV  
  25  2:45  Marine  
  25  2:46  SCV  
  26  2:59  Starport  
  26  3:00  Hellion  
  28  3:06  SCV  
  29  3:19  SCV  
  30  3:24  Hellion  
  31  3:51  Starport Tech Lab  
  31  3:56  Barracks  
  31  4:00  Barracks  
  31  4:05  Orbital Command  
  31  4:08  SCV  
  32  4:13  Marine  
  32  4:16  Banshee  
  36  4:20  SCV  
  36  4:22  Factory Tech Lab  
  37  4:31  Marine  
  37  4:32  SCV  
  37  4:36  SCV  
  40  4:44  SCV  
  38  4:48  SCV  
  38  4:49  Marine  
  35  4:56  SCV  
Tags
 
League
Silver
Matchup
TvT
Race
Terran
Replay Pack
Multiplayer
Add a new tag
Caveats
  • Supply blocks, unpowered buildings, or Contaminate may cause inaccurate times.
  • Supply counts are checked every 10 seconds.